 Dungeon Crawl Stone Soup version 0.22-a0-196-gee22f2738c (webtiles) character file.

349 RedPan the Insei (level 6, -8/47 HPs)
             Began as a Draconian Transmuter on Feb 17, 2018.
             Mangled by a gnoll
             ... wielding a +0 spear
              (9 damage)
             ... on level 4 of the Dungeon.
             The game lasted 00:10:12 (4224 turns).

RedPan the Insei (Draconian Transmuter)             Turns: 4224, Time: 00:10:13

Health: -8/47      AC:  8    Str: 12    XL:     6   Next: 33%
Magic:  16/20      EV: 12    Int: 13    God:
Gold:   118        SH:  0    Dex: 14    Spells: 5/12 levels left

rFire    . . .     SeeInvis .     - Unarmed
rCold    . . .     Gourm    .   (no shield)
rNeg     . . .     Faith    .   (armour unavailable)
rPois    .         Spirit   .   (helmet restricted)
rElec    .         Reflect  .   (no cloak)
rCorr    .         Harm     .   g - +1 pair of gloves
MR       .....                  (no boots)
Stlth    +.........             (no amulet)
HPRegen  0.15/turn              m - ring of magical power
MPRegen  0.17/turn              (no ring)

@: no status effects
A: unfitting armour, cold-blooded, AC +6
a: no special abilities


You were on level 4 of the Dungeon.
You were not hungry.

You visited 1 branch of the dungeon, and saw 4 of its levels.

You collected 118 gold pieces.

Inventory:

Missiles
 a - 44 arrows
Armour
 g - a +1 pair of gloves (worn)
Jewellery
 m - a ring of magical power (left hand)
Wands
 h - a wand of acid (3)
 l - a wand of random effects (39)
Scrolls
 e - a scroll of identify
 f - 2 scrolls of teleportation
 k - a scroll of remove curse
 p - 2 scrolls of amnesia
Potions
 d - 3 potions of curing
 i - a potion of heal wounds
 j - a potion of lignification
 o - a potion of might
Books
 b - a book of Changes

   Spells                             Type                      Level
   a - Beastly Appendage              Transmutation                1
   b - Sticks to Snakes               Transmutation                2
   c - Spider Form                    Transmutation/Poison         3
   d - Ice Form                       Ice/Transmutation            4
   e - Blade Hands                    Transmutation                5
Comestibles
 c - 9 rations
 n - 2 chunks of flesh


   Skills:
 - Level 1.1 Fighting
 - Level 1.7 Dodging
 + Level 4.5 Unarmed Combat
 + Level 3.6 Spellcasting
 + Level 3.8 Transmutations
 * Level 2.3 Ice Magic


You had 5 spell levels left.
You knew the following spells:

 Your Spells              Type           Power        Failure   Level  Hunger
a - Beastly Appendage     Tmut           ##....       4%          1    #......
b - Sticks to Snakes      Tmut           ##......     7%          2    ##.....
c - Ice Form              Ice/Tmut       ##......     52%         4    #####..


Dungeon Overview and Level Annotations

Branches:
Dungeon (4/15)
 Temple: D:4-7

Altars:


Innate Abilities, Weirdness & Mutations

Your plain brown scales are hard. (AC +6)
You cannot fit into any form of body armour.
You are cold-blooded and may be slowed by cold attacks.


Message History

Your talons disappear.
Your adder bites the gnoll.
The gnoll dies!
The gnoll barely misses you.
Unknown command.
The gnoll hits you with a spear!
* * * LOW HITPOINT WARNING * * *
Things that are here:
a whip; a robe; a gnoll corpse Unknown command.
You hit the gnoll.
Your tail-slap misses the gnoll.
The gnoll is moderately wounded.
Your adder bites the gnoll.
The gnoll is poisoned.
Your adder poisons the gnoll!
Unknown command.
You hit the gnoll but do no damage.
The gnoll is heavily wounded.
Your adder bites the gnoll but does no damage.
The gnoll hits you with a spear!
You die...

###.###..... ... ...
..# .)..# #.#.##..# #.#
#.# #.### #.<
....###.#######.### #.#
#.####..........))....#
#.#####.
#.......###.#######.#.#
.....##. #..#.....##.#
#.#.# #....##.
#...........# #.#.#
###..##.##.g#...).####
#.#.#
###..##.##..##.S@##
#.#.#
........##..###g##
#.#.# ###..###.......>#
#.#.# ............##..#
#.#.#
###..###.#..##..####
#.#.#
#................#
#.#.#
#.####.##.##.###.#
#.#.# #.# #.##.##.# #.#
#...# #.# #.......# #.#
#..##


You could see a gnoll and a friendly adder.

Vanquished Creatures
  A scorpion (D:4)
  A gnoll shaman (D:4)
  Robin (D:2)
  2 gnolls
  4 adders
  4 worms
  An adder skeleton (D:4)
  A dart slug (D:3)
  3 leopard geckos
  8 bats
  5 giant cockroaches
  10 goblins
  5 hobgoblins
  3 kobolds
  5 quokkas (D:3)
  A ball python (D:1)
  11 frilled lizards
  15 rats
81 creatures vanquished.

Vanquished Creatures (collateral kills)
  A phantom (D:4)
  A hound (D:4)
  2 gnolls
  An orc (D:4)
  5 goblins (D:2)
10 creatures vanquished.

Grand Total: 91 creatures vanquished

Notes
Turn   | Place    | Note
-------+----------+-------------------------------------------
     0 | D:1      | RedPan the Draconian Transmuter began the quest for the Orb.
     0 | D:1      | Reached XP level 1. HP: 16/16 MP: 3/3
   130 | D:1      | Reached XP level 2. HP: 20/23 MP: 3/5
   158 | D:1      | Learned a level 2 spell: Sticks to Snakes
   780 | D:2      | Reached XP level 3. HP: 28/28 MP: 4/6
   875 | D:2      | Noticed Robin
  1128 | D:2      | Killed Robin
  1444 | D:2      | Reached XP level 4. HP: 35/35 MP: 5/8
  1998 | D:3      | Reached skill level 4 in Unarmed Combat
  2399 | D:3      | Reached XP level 5. HP: 31/40 MP: 9/9
  3181 | D:4      | Learned a level 4 spell: Ice Form
  3246 | D:4      | Reached skill level 1 in Ice Magic
  3436 | D:4      | Noticed a phantom
  3769 | D:4      | Killed a phantom
  3769 | D:4      | Reached XP level 6. HP: 27/47 MP: 11/11
  4222 | D:4      | HP: 1/47 [gnoll/spear (8)]
  4224 | D:4      | Mangled by a gnoll

Vault maps used:
D:1:      lightli_arrival_isolated_outpost
D:2:      uniq_robin
D:3:      wad_woods_tower, first_ration
D:4:      uniq_grinder

Skill      XL: |  1  2  3  4  5  6 |
---------------+-------------------+-----
Transmutations | 3 |  3.8
Spellcasting   | 3 |  3.6
Unarmed Combat | 4 |  4.5
Ice Magic      | 1 2 |  2.3
Fighting       | |  1.1
Dodging        | |  1.7

Action                   |  1- 3 |  4- 6 || total
-------------------------+-------+-------++-------
Melee: Unarmed           |   133 |   189 ||   322
       Tailslap          |    13 |    21 ||    34
       Kick              |     5 |    15 ||    20
       Punch             |     3 |     7 ||    10
       Headbutt          |     3 |    12 ||    15
 Cast: Beastly Appendage |    20 |    22 ||    42
       Sticks to Snakes  |     3 |    20 ||    23
  Use: Scroll            |       |     9 ||     9
 Stab: Sleeping          |       |     3 ||     3
  Eat: Ration            |     1 |     2 ||     3
       Chunk             |       |     3 ||     3
Armor: Skin              |    35 |    60 ||    95
Dodge: Dodged            |   100 |    81 ||   181

Table legend:
 A = Spawn XP
 B = Non-spawn XP
 C = Spawn XP percentage of total XP
 D = Spawn monster count
 E = Non-spawn monster count
 F = Spawn count percentage of total count
 G = Total turns spent on level
                    A         B        C        D         E        F      G
               +---------+---------+-------+---------+---------+-------+---------
         Total |       0 |     499 |   0.0 |       0 |      91 |   0.0 |  4224
               +---------+---------+-------+---------+---------+-------+---------
           D:1 |       0 |      39 |   0.0 |       0 |      24 |   0.0 |   940
           D:2 |       0 |      84 |   0.0 |       0 |      34 |   0.0 |   852
           D:3 |       0 |      84 |   0.0 |       0 |      23 |   0.0 |  1327
           D:4 |       0 |     292 |   0.0 |       0 |      10 |   0.0 |  1105
               +---------+---------+-------+---------+---------+-------+---------
